 Dungeon Crawl Stone Soup version 0.24-a0-462-ge24419a6ad (webtiles) character file.

Game seed: 16553028787784724020

172 Gargoyl the Skirmisher (level 5, -3/45 HPs)
             Began as a Centaur Abyssal Knight on July 1, 2019.
             Was a Believer of Lugonu.
             Killed by divine providence
             ... invoked by an orc priest
              (16 damage)
             ... on level 3 of the Dungeon.
             The game lasted 00:03:51 (2655 turns).

Gargoyl the Skirmisher (Centaur Abyssal Knight)     Turns: 2655, Time: 00:03:52

Health: -3/45      AC:  7    Str: 14    XL:     5   Next: 27%
Magic:  7/7        EV:  9    Int: 11    God:    Lugonu [**....]
Gold:   134        SH:  0    Dex: 10    Spells: 4/4 levels left

rFire    . . .     SeeInvis .   a - +2 hand axe
rCold    . . .     Gourm    .   (no shield)
rNeg     . . .     Faith    .   j - +0 scale mail
rPois    .         Spirit   .   (no helmet)
rElec    .         Reflect  .   h - +0 cloak
rCorr    .         Harm     .   (no gloves)
MR       .....                  (no barding)
Stlth    ..........             (no amulet)
HPRegen  0.15/turn              g - +2 ring of evasion
MPRegen  0.10/turn              (no ring)

@: very quick
A: large, hooves 3, deformed body, speed 2, tough skin 3
a: Depart the Abyss, Bend Space, Renounce Religion


You were on level 3 of the Dungeon.
You worshipped Lugonu.
Lugonu was pleased with you.
You were not hungry.

You visited 1 branch of the dungeon, and saw 3 of its levels.
You visited the Abyss 1 time.

You collected 134 gold pieces.

Inventory:

Hand Weapons
 a - a +2 hand axe (weapon)
Armour
 h - a +0 cloak (worn)
 j - a +0 scale mail (worn)
Jewellery
 g - a +2 ring of evasion (left hand)
Wands
 d - a wand of paralysis (5)
Scrolls
 l - 4 scrolls of identify
Potions
 b - 2 potions of heal wounds {unknown}
 e - 2 potions of curing
 f - a potion of magic {unknown}
 k - 2 potions of degeneration {unknown}
 m - a potion of brilliance {unknown}
Comestibles
 c - 5 rations


   Skills:
 + Level 3.5 Fighting
 + Level 2.9 Axes
 * Level 2.3 Armour
 * Level 1.6 Dodging
 * Level 3.0 Invocations


You had 4 spell levels left.
You didn't know any spells.
Your spell library was empty.

Dungeon Overview and Level Annotations

Branches:
Dungeon (3/15)

Altars:
Cheibriados
Dithmenos
The Shining One

Annotations:
D:2 2 transporters


Innate Abilities, Weirdness & Mutations

You have hooves in place of feet.
Armour fits poorly on your strangely shaped body.
You cover ground very quickly.
You have extremely tough skin. (AC +3)


Message History

You kick the orc wizard.
You kill the orc wizard!
Lugonu accepts your kill.
Your Invocations skill increases to level 3!
You closely miss the orc.
The orc priest miscasts a cantrip.
The orc hits you with a +0 hand axe. The orc hits you but does no damage.
You barely miss the orc. You completely miss the orc.
The orc priest invokes the aid of Beogh against you.
Beogh smites you!
The orc priest calls down the wrath of Beogh upon you.
Beogh smites you!
* * * LOW HITPOINT WARNING * * *
The orc barely misses you. The orc hits you but does no damage.
You hit the orc.
The orc is heavily wounded.
You barely miss the orc.
The orc priest mumbles some strange prayers to Beogh against you.
Beogh smites you!
You die...

#. ..)..!
..#.########...###
...#......#.....#S≈
..P..............#Ss
.....♣......$.....#SS
..♣...............###
##..P≈♣P..............
#P..≈♣≈≈....)o@.......
#..♣♣≈≈♣P.....o.......
#.P≈≈≈♣≈P.............
###P≈♣≈≈≈♣..............
.#..≈≈≈≈............o#..
.#....≈♣..P.....####.o.#
...♣..P.♣P...>.... #..#
..##....♣.......... ...
...#..P.....(......


You could see 2 orc priests, 4 adders, 2 orcs and a giant cockroach.

Vanquished Creatures
  2 orc wizards
  3 adders
  4 oozes
  A worm (D:3)
  A dart slug (D:1)
  A leopard gecko (D:2)
  6 orcs
  2 giant cockroaches (D:1)
  A goblin (D:1)
  9 hobgoblins
  6 jackals
  A quokka (D:2)
  7 bats
  8 frilled lizards
  5 kobolds
  6 rats
63 creatures vanquished.

Notes
Turn   | Place    | Note
-------+----------+-------------------------------------------
     0 | Abyss:1  | Gargoyl the Centaur Abyssal Knight began the quest for the
                  | Orb.
     0 | Abyss:1  | Reached XP level 1. HP: 19/19 MP: 2/2
    57 | Abyss:1  | Noticed a starcursed mass
   109 | Abyss:2  | Noticed a green death
   178 | Abyss:2  | Noticed a smoke demon
   179 | D:1      | Escaped the Abyss
   390 | D:1      | Reached XP level 2. HP: 26/26 MP: 3/3
   396 | D:1      | Reached * piety under Lugonu
   593 | D:1      | Reached skill level 1 in Dodging
   629 | D:1      | Reached XP level 3. HP: 24/31 MP: 4/4
  1493 | D:2      | Found a transporter.
  1494 | D:2      | Found a transporter.
  1496 | D:2      | Noticed a bullfrog
  1496 | D:2      | Noticed a bullfrog
  1499 | D:2      | Found a shadowy altar of Dithmenos.
  1499 | D:2      | Found a glowing golden altar of the Shining One.
  1522 | D:2      | Found a snail-covered altar of Cheibriados.
  1655 | D:2      | Reached XP level 4. HP: 32/38 MP: 5/5
  1692 | D:2      | Reached ** piety under Lugonu
  2342 | D:2      | Reached XP level 5. HP: 24/45 MP: 7/7
  2655 | D:3      | Killed from afar by an orc priest

Levels and vault maps discovered:
D:1:      lightli_arrival_statuegarden, layout_loops_corners,
          grunt_decor_mini_mirrors
D:2:      layout_basic, gammafunk_temple_overflow_arena
D:3:      layout_rooms, serial_bayou, serial_bayou_ford_a, serial_bayou_pond_c,
          serial_bayou_pond_a, serial_bayou_lake_a, gup_sewer_entry_glass

Skill      XL: |  1  2  3  4  5 |
---------------+----------------+-----
Axes           | 2 |  2.9
Dodging        | 1 |  1.6
Armour         | 2 |  2.3
Invocations    | 3 |  3.0
Fighting       | |  3.5

Action                   |  1- 3 |  4- 6 || total
-------------------------+-------+-------++-------
Melee: Hand axe          |   111 |    50 ||   161
       Kick              |    11 |    10 ||    21
Invok: Depart the Abyss  |     1 |       ||     1
  Use: Scroll            |     3 |       ||     3
  Eat: Chunk             |     1 |     3 ||     4
Armor: Leather armour    |    44 |       ||    44
       Scale mail        |    22 |    37 ||    59
Dodge: Dodged            |    82 |    54 ||   136

Table legend:
 A = Non-vault XP
 B = Vault XP
 C = Vault XP percentage of total XP
 D = Non-vault monster count
 E = Vault monster count
 F = Vault count percentage of total count
                 A         B        C        D         E       F
            +---------+---------+-------+---------+---------+-------
      Total |     247 |       0 |   0.0 |      63 |       0 |   0.0
            +---------+---------+-------+---------+---------+-------
        D:1 |      61 |       0 |   0.0 |      30 |       0 |   0.0
        D:2 |     113 |       0 |   0.0 |      23 |       0 |   0.0
        D:3 |      73 |       0 |   0.0 |      10 |       0 |   0.0
            +---------+---------+-------+---------+---------+-------
